 Dungeon Crawl Stone Soup version 0.32-a0-995-gb4a59205af (webtiles) character file.

Game seed: 6624797050077127040

3192 shadizar the Thaumaturge (level 10, -2/67 HPs)
             Began as a Djinni Conjurer on Apr 22, 2024.
             Slain by a centaur
             ... wielding a +0 halberd
              (10 damage)
             ... in a bailey.
             The game lasted 00:06:45 (4387 turns).

shadizar the Thaumaturge (Djinni Conjurer)          Turns: 4387, Time: 00:06:46

Health: -2/67      AC:  5    Str:  6    XL:     10   Next: 16%
Gold:   374        EV: 12    Int: 25    God:
                   SH:  0    Dex: 11

rFire   + + .        (no weapon)
rCold   . . .        (no shield)
rNeg    . . .        a - +0 robe
rPois   ∞            i - +2 helmet
rElec   .            (no cloak)
rCorr   .            (no gloves)
SInv    .            (boots unavailable)
Will    +....        d - amulet of regeneration
Stlth   ++           f - ring of protection from cold
HPRegen 1.11/turn    (no ring)

%: infuse magic (-3 HP)
@: flying
A: sickness immunity, fire resistance 2, cold vulnerability 1, float, innate
caster, HP casting, extra vitality 1
a: no special abilities


You were in a bailey.
You visited 2 branches of the dungeon, and saw 8 of its levels.
You also visited: Bailey.

You collected 374 gold pieces.

Inventory:

Armour
 a - a +0 robe (worn)
 i - a +2 helmet (worn)
 s - a +0 kite shield
 t - a +2 helmet
 v - the +1 ring mail of the Echidna {rF+ Will+ Dex-2 Stlth+}
   (You found it on level 5 of the Dungeon)

   Dex-2:     It affects your dexterity (-2).
   rF+:       It protects you from fire.
   Will+:     It increases your willpower.
   Stlth+:    It makes you more stealthy.
Jewellery
 d - an amulet of regeneration (around neck)
 f - a ring of protection from cold (left hand)
 x - a ring of wizardry
Scrolls
 c - 3 scrolls of fear {unknown}
 e - 6 scrolls of identify {unknown}
 g - a scroll of vulnerability {unknown}
 h - a scroll of fog {unknown}
 j - a scroll of amnesia {unknown}
 m - a scroll of revelation {unknown}
 n - 2 scrolls of poison {unknown}
 o - a scroll of blinking {unknown}
 q - 2 scrolls of immolation {unknown}
 r - 2 scrolls of teleportation {unknown}
 w - a scroll of brand weapon {unknown}
 y - a scroll of noise {unknown}
 A - a scroll of enchant armour {unknown}
Potions
 b - a potion of curing {unknown}
 k - a potion of attraction {unknown}
 l - a potion of magic {unknown}
 p - 4 potions of haste {unknown}
 u - 2 potions of degeneration {unknown}
 z - a potion of lignification {unknown}


   Skills:
 + Level 3.9 Fighting
 + Level 3.9 Armour
 + Level 5.0 Dodging
 + Level 4.0 Stealth
 + Level 3.9 Shields
 + Level 8.4 Spellcasting
 + Level 8.4 Conjurations
 + Level 8.4 Hexes
 + Level 8.4 Summonings
 + Level 8.4 Necromancy
 + Level 8.4 Translocations
 + Level 8.4 Fire Magic
 + Level 8.4 Ice Magic
 + Level 8.4 Air Magic
 + Level 8.4 Earth Magic
 + Level 8.4 Alchemy


You knew the following spells:

 Your Spells              Type           Power      Damage    Failure   Level
a - Magic Dart            Conj           100%       1d8       1%          1
b - Searing Ray           Conj           100%       2d8       1%          2
c - Fulminant Prism       Conj/Alch      26%        3d14      1%          4
d - Iskenderun's Mystic   Conj/Tloc      52%        2d11      (+2d61%     4
e - Freeze                Ice            100%       1d10      1%          1
f - Momentum Strike       Conj/Tloc      100%       3d10      1%          2
g - Fugue of the Fallen   Necr           52%        N/A       1%          3
h - Anguish               Hex/Necr       26%        N/A       1%          4
Your spell library was empty.

Dungeon Overview and Level Annotations

Branches:
Dungeon (7/15)             Temple (1/1) D:5          Bailey (1/1)

Altars:
Ashenzari
Cheibriados
Dithmenos
Elyvilon
Fedhas
Gozag
Hepliaklqana
Okawaru
Qazlal
Ru
Trog
Uskayaw
Wu Jian
Xom
Zin
The Shining One

Annotations:
D:4 exclusion: statue


Innate Abilities, Weirdness & Mutations

You are immune to sickness and miasma.
You are immune to poison.
Your flesh is very heat resistant. (rF++)
You are vulnerable to cold. (rC-)
You float through the air rather than walking.
You learn spells naturally, not from books.
Your magical power is your life essence.
You have superior vitality. (+4 MHP)


Message History

The magic dart hits the orc.
You kill the orc!
The centaur throws a javelin.
The javelin pierces through you.
The magic dart hits the centaur but does no damage.
The magic dart hits the centaur but does no damage.
The centaur throws a javelin.
The javelin pierces through you.
The centaur throws a javelin.
The javelin pierces through you!
The centaur throws a javelin.
The javelin pierces through you!
The centaur throws a javelin.
The javelin pierces through you!
Things that are here:
a +0 halberd; a +0 chain mail
Things that are here:
a +0 halberd; a +0 scale mail
There is an open gate here.
Things that are here:
a +0 spear; a +0 scale mail The centaur closely misses you.
Casting: Magic Dart (safe; 1% risk of failure)
Confirm with . or Enter, or press ? or * to list all spells.
You erupt in a blast of force!
The mystic blast hits the centaur but does no damage.
The centaur hits you from afar with a +0 halberd!
The centaur throws a javelin.
The javelin pierces through you!
* * * LOW HITPOINT WARNING * * *
Unknown command.
Casting: Iskenderun's Mystic Blast (dangerous; 1% risk of failure)
Confirm with . or Enter, or press ? or * to list all spells.
You erupt in a blast of force!
The mystic blast hits the centaur!
The centaur is moderately wounded.
* * * LOW HITPOINT WARNING * * *
The centaur closely misses you.
Unknown command.
Unknown command.
Casting: Iskenderun's Mystic Blast (dangerous; 1% risk of failure)
Confirm with . or Enter, or press ? or * to list all spells.
You erupt in a blast of force!
The mystic blast hits the centaur.
The centaur is heavily wounded.
* * * LOW HITPOINT WARNING * * *
The centaur hits you from afar with a +0 halberd!
You die...

≈.≈.....≈≈≈.....≈.≈
≈.≈≈≈...).))..≈≈≈.≈
≈≈..≈≈≈))...≈≈≈..≈≈
≈≈≈≈.)≈#...#≈).≈≈≈≈
≈≈≈≈≈≈)#..c#.≈≈≈≈≈≈
≈≈≈≈≈≈≈#...#≈≈≈≈≈≈≈
≈≈≈≈≈≈≈#...#≈≈≈≈≈≈≈
#########c''#########
##......@)...).......##
##............)...)....##
##....)..⌠#######⌠.).....##
#≈....#####.....#####)...≈#
#≈...##....≈≈≈≈≈))..##...≈#
#≈...#.⌠.≈≈≈...≈≈≈.⌠.#...≈#
#≈...#..≈≈.)≈.≈).≈≈..#...≈#
#≈..⌠#)≈≈.≈≈≈.≈≈≈.≈≈.#⌠..≈#
#≈..##)≈.≈≈.....≈≈.≈.##..≈#


You could see a centaur.

Vanquished Creatures
  Pikel (D:6)
  A water moccasin (D:6)
  An ice beast (D:6)
  10 orc warriors (Bailey)
  2 ogres (D:4)
  5 centaurs (Bailey)
  4 lemures (D:6)
  3 scorpions
  A wight (D:7)
  2 bombardier beetles
  4 orc priests
  3 hounds
  A jelly (D:4)
  A gnoll bouda (D:4)
  4 orc wizards
  13 gnolls
  4 adders
  A white imp (D:5)
  6 ufetubi
  4 ribbon worms
  3 dart slugs
  45 orcs
  5 bats
  6 endoplasms
  2 giant cockroaches
  9 goblins
  3 hobgoblins
  6 jackals
  4 kobolds
  2 quokkas
  3 ball pythons
  3 frilled lizards
  2 goblin skeletons (D:5)
  3 goblin zombies (D:5)
  A hobgoblin zombie (D:5)
  An orc skeleton (D:5)
  5 rats
174 creatures vanquished.

Vanquished Creatures (others)
  6 fulminant prisms (D:4)
6 creatures vanquished.

Grand Total: 180 creatures vanquished

Notes
Turn   | Place    | Note
-------+----------+-------------------------------------------
     0 | D:1      | shadizar the Djinni Conjurer began the quest for the Orb.
     0 | D:1      | shadizar set off with the following spells memorised: Magic
                  | Dart, Searing Ray, Fulminant Prism, Iskenderun's Mystic
                  | Blast.
     0 | D:1      | Reached XP level 1. HP: 15/15 MP: 0/0
   236 | D:1      | Found a faded altar of an unknown god.
   243 | D:1      | Reached XP level 2. HP: 18/21 MP: 0/0
   640 | D:2      | You are sucked into a shaft and drop 2 floors!
   677 | D:4      | Reached XP level 3. HP: 25/25 MP: 0/0
   677 | D:4      | Learned a level 1 spell: Freeze
   733 | D:3      | Reached XP level 4. HP: 22/31 MP: 0/0
  1050 | D:3      | Found a snail-covered altar of Cheibriados.
  1057 | D:3      | Reached skill level 5 in Spellcasting
  1057 | D:3      | Reached skill level 5 in Conjurations
  1057 | D:3      | Reached skill level 5 in Hexes
  1057 | D:3      | Reached skill level 5 in Summonings
  1057 | D:3      | Reached skill level 5 in Necromancy
  1057 | D:3      | Reached skill level 5 in Translocations
  1057 | D:3      | Reached skill level 5 in Fire Magic
  1057 | D:3      | Reached skill level 5 in Ice Magic
  1057 | D:3      | Reached skill level 5 in Air Magic
  1057 | D:3      | Reached skill level 5 in Earth Magic
  1057 | D:3      | Reached skill level 5 in Alchemy
  1057 | D:3      | Reached XP level 5. HP: 35/35 MP: 0/0
  1057 | D:3      | Learned a level 2 spell: Momentum Strike
  1095 | D:3      | Found a broken altar of Ashenzari.
  1095 | D:3      | Found a white marble altar of Elyvilon.
  1405 | D:2      | Identified the +7 hand axe "Ryel" {flame, rC+ rN+ Int+3
                  | Dex-4}
  1427 | D:2      | Found a shimmering altar of Xom.
  1844 | D:4      | Noticed an ogre
  1856 | D:4      | Killed an ogre
  1857 | D:4      | Reached XP level 6. HP: 30/40 MP: 0/0
  1998 | D:4      | Reached XP level 7. HP: 14/45 MP: 0/0
  1998 | D:4      | Learned a level 3 spell: Fugue of the Fallen
  2353 | D:5      | Entered Level 5 of the Dungeon
  2353 | D:5      | Found a staircase to the Ecumenical Temple.
  2435 | D:5      | Reached XP level 8. HP: 44/50 MP: 0/0
  2445 | Temple   | Entered the Ecumenical Temple
  2563 | D:5      | Identified the +1 ring mail of the Echidna {rF+ Will+ Dex-2
                  | Stlth+}
  2596 | D:5      | Found a glowing golden altar of the Shining One.
  3492 | D:6      | Found a stormy altar of Qazlal.
  3533 | D:6      | Reached skill level 1 in Fighting
  3533 | D:6      | Reached skill level 1 in Armour
  3533 | D:6      | Reached skill level 1 in Shields
  3561 | D:6      | Noticed Pikel
  3572 | D:6      | Killed Pikel
  3573 | D:6      | Reached XP level 9. HP: 38/59 MP: 0/0
  3573 | D:6      | Learned a level 4 spell: Anguish
  3826 | D:7      | Found a flagged portal.
  3842 | Bailey   | Entered a bailey
  4219 | Bailey   | Reached XP level 10. HP: 37/67 MP: 0/0
  4291 | Bailey   | Reached skill level 5 in Dodging
  4387 | Bailey   | Slain by a centaur

Illustrated notes

Levels and vault maps discovered:
D:1:      dpeg_arrival_oval, layout_basic, ebering_ecumenical_altar_ruins,
          serial_glass, glass_columns_a, glass_columns_a
D:2:      layout_basic, basic_altar
D:3:      layout_loops_ring, slow_altar_2, mainiacjoe_overflow_divided_tiny,
          amcnicky_altar_gilded, corexii_corridor_pit
D:4:      layout_rooms, vehumet_statue, portal_sewer_entry_d
D:5:      layout_basic, nicolae_tso_besieged_by_evil, minmay_temple_entry_tees
D:6:      layout_basic, general_overflow_altar, feat_on_display, uniq_pikel
D:7:      layout_loops_cross, dolorous_overflow_abandoned_chaos_spawn_temple,
          serial_shops, nicolae_book_shop_shelving,
          lightli_bailey_entry_fortress
Temple:   bh_familiar_temple
Bailey:   bailey_polearm_flooded_kennysheep, bailey

Skill      XL: |  1  2  3  4  5  6  7  8  9 10 |
---------------+-------------------------------+-----
Spellcasting   | 4 5 6 7 8 |  8.4
Conjurations   | 4 5 6 7 8 |  8.4
Hexes          | 4 5 6 7 8 |  8.4
Summonings     | 4 5 6 7 8 |  8.4
Necromancy     | 4 5 6 7 8 |  8.4
Translocations | 4 5 6 7 8 |  8.4
Fire Magic     | 4 5 6 7 8 |  8.4
Ice Magic      | 4 5 6 7 8 |  8.4
Air Magic      | 4 5 6 7 8 |  8.4
Earth Magic    | 4 5 6 7 8 |  8.4
Alchemy        | 4 5 6 7 8 |  8.4
Fighting       | 2 3 |  3.9
Armour         | 2 3 |  3.9
Stealth        | 2 3 4 |  4.0
Shields        | 2 3 |  3.9
Dodging        | 3 4 5 |  5.0

Action                     |  1- 3 |  4- 6 |  7- 9 | 10-12 || total
---------------------------+-------+-------+-------+-------++-------
  Melee: Unarmed           |       |       |     3 |       ||     3
   Cast: Magic Dart        |    40 |   100 |   154 |    16 ||   310
         Searing Ray       |     1 |       |       |       ||     1
         Fulminant Prism   |       |     5 |     1 |       ||     6
         Iskenderun's Myst |       |       |    79 |    16 ||    95
 Armour: Robe              |     2 |    18 |    50 |    18 ||    88
  Dodge: Dodged            |     3 |    11 |    39 |    14 ||    67

Table legend: (Time is in decaauts)
 A = Elapsed time spent in this place.
 B = Non-inter-level travel time spent in this place.
 C = Inter-level travel time spent in this place.
 D = Time resting spent in this place.
 E = Time spent auto-exploring this place.
 F = Levels seen in this place.
 G = Mean time per level.
                   A        B        C        D        E       F      G
               +--------+--------+--------+--------+--------+-----+--------+
         Total |   4384 |   4124 |    260 |      0 |   3072 |   9 |  487.1 |
       Dungeon |   3838 |   3578 |    260 |      0 |   2819 |   7 |  548.3 |
        Temple |      1 |      1 |      0 |      0 |      0 |   1 |    1.0 |
        Bailey |    544 |    544 |      0 |      0 |    253 |   1 |  544.0 |
               +--------+--------+--------+--------+--------+-----+--------+

Top non-repeatable levels by time:
     D:6: 886 daAuts
     D:3: 654 daAuts
     D:1: 632 daAuts
     D:4: 570 daAuts
  Bailey: 544 daAuts
     D:2: 494 daAuts
     D:5: 489 daAuts
     D:7: 110 daAuts
  Temple: 1 daAuts
